 Dungeon Crawl Stone Soup version 0.23.2-1-ga50397a (webtiles) character file.

Game seed: 9952247385842868755

9986 zedzed the Cleaver (level 11, -4/105 HPs)
             Began as a Hill Orc Fighter on Apr 27, 2019.
             Was an Elder of Qazlal.
             Slain by an ogre
             ... wielding a +0 giant spiked club
              (23 damage)
             ... on level 12 of the Dungeon.
             The game lasted 00:39:52 (12852 turns).

zedzed the Cleaver (Hill Orc Fighter)              Turns: 12852, Time: 00:39:53

Health: -4/105     AC: 19    Str: 23    XL:     11   Next: 55%
Magic:  6/11       EV:  7    Int:  8    God:    Qazlal [****..]
Gold:   337        SH:  5    Dex: 10    Spells: 10/10 levels left

rFire    . . .     SeeInvis .   R - +0 battleaxe (chop)
rCold    . . .     Gourm    .   (shield currently unavailable)
rNeg     + . .     Faith    .   E - +0 plate armour
rPois    .         Spirit   .   (no helmet)
rElec    .         Reflect  .   F - +0 cloak
rCorr    .         Harm     .   (no gloves)
MR       .....                  q - +2 pair of boots
Stlth    ..........             (no amulet)
HPRegen  0.27/turn              i - ring of positive energy
MPRegen  0.12/turn              (no ring)

@: slowed, repel missiles, very slow
A: no striking features
a: Upheaval, Elemental Force, Renounce Religion


You were on level 12 of the Dungeon.
You worshipped Qazlal.
Qazlal was greatly pleased with you.
You were not hungry.

You visited 2 branches of the dungeon, and saw 13 of its levels.

You collected 659 gold pieces.
You spent 322 gold pieces at shops.

Inventory:

Hand Weapons
 H - a +3 war axe
 R - a +0 battleaxe of chopping (weapon)
Missiles
 v - 3 silver tomahawks (quivered)
 y - 184 arrows
Armour
 c - a +0 shield
 k - a +0 chain mail
 q - a +2 pair of boots (worn)
 E - a +0 plate armour (worn)
 F - a +0 cloak (worn)
 Q - a +0 troll leather armour
Jewellery
 i - a ring of positive energy (left hand)
 t - an uncursed ring of protection from magic {unknown}
 L - an uncursed ring of positive energy
Wands
 n - a wand of random effects (10)
 o - a wand of paralysis (9)
 u - a wand of clouds (3)
 B - a wand of disintegration (27)
 J - a wand of digging (4)
 K - a wand of enslavement (13)
 N - a wand of flame (14)
Scrolls
 a - a scroll of holy word {unknown}
 b - 2 scrolls of teleportation
 g - 3 scrolls of fear
 h - a scroll of amnesia
 j - 14 scrolls of identify
 w - a scroll of enchant weapon {unknown}
 z - a scroll of random uselessness {unknown}
 A - 2 scrolls of enchant armour
 C - 2 scrolls of remove curse
 D - 2 scrolls of magic mapping
 I - a scroll of noise {unknown}
 O - 2 scrolls of blinking {unknown}
Potions
 d - 2 potions of might
 e - 4 potions of curing
 l - 3 potions of degeneration {unknown}
 m - 7 potions of heal wounds
 p - 3 potions of flight {unknown}
 r - 2 potions of brilliance {unknown}
 s - 2 potions of haste {unknown}
 x - a potion of magic {unknown}
 G - a potion of resistance {unknown}
 M - 2 potions of agility
Comestibles
 f - 13 rations
 P - 2 chunks of flesh


   Skills:
 + Level 12.5 Fighting
 * Level 14.7 Axes
 - Level 10.1 Armour
 - Level 3.3 Shields


You had 10 spell levels left.
You didn't know any spells.
Your spell library was empty.

Dungeon Overview and Level Annotations

Branches:
Dungeon (11/15)            Temple (1/1) D:4            Lair (0/6) D:10
    Orc (0/2) D:10

Altars:
Ashenzari
Cheibriados
Dithmenos
Elyvilon
Fedhas
Gozag
Hepliaklqana
Kikubaaqudgha
Makhleb
Nemelex Xobeh
Okawaru
Qazlal
Ru
Sif Muna
Trog
Uskayaw
Vehumet
Wu Jian
Xom
Yredelemnul
Zin
The Shining One

Shops:
D:4 ?   D:5 *   D:8 %

Annotations:
D:3 2 transporters
D:7 exclusion: oklob plant
D:12 Sonja


Message History

Sonja blinks!
The komodo dragon is engulfed in freezing vapours.
The komodo dragon seems to slow down.
The komodo dragon bites you but does no damage.
The orc priest begins to cast a cantrip, but forgets the words!
You slash the orc priest!
You kill the orc priest!
Qazlal accepts your kill.
You barely miss the komodo dragon.
Your surroundings suddenly seem different.
A yak comes into view.
The yak bellows!
You hear a shout! x2
A bullfrog comes into view.
An ogre comes into view. It is wielding a +0 giant spiked club.
A bullfrog skeleton comes into view.
A kobold comes into view. It is wielding a +0 dagger.
Found 47 stones, 16 sling bullets and a scroll labeled MAPPENWIDE.
You hear a shout!
You hear an angry hiss. x2; You hear a roar!
The ogre hits you with a +0 giant spiked club!!
You die...

### . .#.## ..
#### #....# ...
##..##.....#
...(#...#.☼.....
.^.......☼......
..Z....○@O....#
#..Y....°..##.#
#...#....☼##
#....F.(○....
............##
..........#..#
...............
....K..?.###...
........## ..


You could see a yak, an ogre, a bullfrog, a kobold and a bullfrog skeleton.

Vanquished Creatures
  A two-headed ogre (D:9)
  A slime creature (D:10)
  Grinder (D:5)
  A troll (D:10)
  A hippogriff (D:8)
  A spriggan (D:8)
  2 basilisks (D:10)
  6 yaks (D:9)
  Menkaure (D:5)
  Grum (D:9)
  4 porcupines
  3 ice beasts
  2 sky beasts
  2 ogres
  2 black bears
  6 orc warriors
  A necrophage (D:8)
  8 wolves
  6 centaurs
  A crocodile (D:10)
  2 big kobolds
  4 bullfrogs
  4 scorpions
  A wyvern skeleton (D:7)
  8 howler monkeys
  6 killer bees (D:10)
  12 wights
  2 crimson imps
  A bullfrog zombie (D:11)
  A centaur zombie (D:8)
  8 hounds
  A quasit (D:10)
  8 orc wizards
  6 jellies (D:7)
  9 orc priests
  Crazy Yiuf (D:7)
  2 centaur skeletons
  A gnoll shaman (D:8)
  2 bullfrog skeletons
  3 iguanas
  3 worker ants
  2 worker ant zombies
  15 adders
  11 gnolls
  2 shadow imps
  12 oozes (D:7)
  2 adder zombies
  2 adder skeletons
  2 dart slugs
  6 leopard geckos
  42 orcs
  4 giant cockroaches
  12 goblins
  11 hobgoblins
  19 jackals
  7 quokkas
  A ball python (D:2)
  8 bats
  5 frilled lizards
  A jackal skeleton (D:4)
  A jackal zombie (D:9)
  17 kobolds
  A leopard gecko skeleton (D:5)
  2 quokka skeletons
  A quokka zombie (D:6)
  8 rats
330 creatures vanquished.

Vanquished Creatures (others)
  9 fungi
  4 plants (D:10)
13 creatures vanquished.

Grand Total: 343 creatures vanquished

Notes
Turn   | Place    | Note
-------+----------+-------------------------------------------
     0 | D:1      | zedzed the Hill Orc Fighter began the quest for the Orb.
     0 | D:1      | Reached XP level 1. HP: 19/19 MP: 1/1
    58 | D:1      | Reached skill level 3 in Axes
    79 | D:1      | Reached XP level 2. HP: 15/27 MP: 2/2
   744 | D:1      | Reached skill level 4 in Axes
   889 | D:2      | Reached XP level 3. HP: 33/33 MP: 3/3
  1606 | D:2      | Reached skill level 5 in Axes
  1606 | D:2      | Reached XP level 4. HP: 23/41 MP: 4/4
  2470 | D:3      | Reached XP level 5. HP: 45/47 MP: 5/5
  2487 | D:3      | Found a transporter.
  2491 | D:3      | Found a transporter.
  2492 | D:3      | Noticed a yak
  2497 | D:3      | Found a shadowy altar of Dithmenos.
  2497 | D:3      | Found an iron altar of Okawaru.
  2497 | D:3      | Found an ancient bone altar of Kikubaaqudgha.
  3112 | D:4      | Reached skill level 5 in Fighting
  3112 | D:4      | Reached skill level 6 in Axes
  3129 | D:4      | Found a shattered altar of Ashenzari.
  3146 | D:4      | Found a staircase to the Ecumenical Temple.
  3160 | D:4      | Reached XP level 6. HP: 51/56 MP: 6/6
  3166 | Temple   | Entered the Ecumenical Temple
  3401 | D:4      | Reached skill level 7 in Axes
  3436 | D:4      | Found Xeunnuim's Magic Scroll Shoppe.
  3441 | D:4      | Bought a scroll of remove curse for 42 gold pieces
  3733 | D:5      | Entered Level 5 of the Dungeon
  4233 | D:5      | Reached skill level 8 in Axes
  4233 | D:5      | Reached XP level 7. HP: 36/63 MP: 7/7
  4647 | D:5      | Reached skill level 9 in Axes
  4705 | D:5      | Found a burning altar of Makhleb.
  4840 | D:5      | Noticed Menkaure
  5112 | D:5      | Killed Menkaure
  5112 | D:5      | Reached skill level 10 in Axes
  5112 | D:5      | Reached XP level 8. HP: 24/73 MP: 8/8
  5409 | D:5      | Noticed Grinder
  5415 | D:5      | Killed Grinder
  5546 | D:5      | Found a sacrificial altar of Ru.
  5653 | D:5      | Found Unadente's General Store.
  5749 | D:5      | Reached skill level 11 in Axes
  6245 | D:6      | Found a bloodstained altar of Trog.
  6312 | D:6      | Found a stormy altar of Qazlal.
  6317 | D:6      | Became a worshipper of Qazlal Stormbringer
  6445 | D:4      | Bought a scroll of brand weapon for 280 gold pieces
  6878 | D:7      | Reached XP level 9. HP: 68/82 MP: 9/9
  6995 | D:7      | Reached skill level 12 in Axes
  7333 | D:7      | Reached * piety under Qazlal
  7443 | D:7      | Reached skill level 13 in Axes
  7735 | D:7      | Found a runed translucent door.
  7736 | D:7      | Noticed Crazy Yiuf
  7791 | D:7      | Noticed an oklob plant
  8136 | D:7      | Killed Crazy Yiuf
  8237 | D:8      | Reached ** piety under Qazlal
  8366 | D:8      | Reached skill level 10 in Fighting
  8366 | D:8      | Reached skill level 14 in Axes
  8422 | D:8      | Reached XP level 10. HP: 93/93 MP: 10/10
  8743 | D:8      | Found Gafely's Food Emporium.
  8801 | D:8      | Reached skill level 5 in Armour
  9421 | D:9      | Found a deep blue altar of Sif Muna.
  9533 | D:9      | Noticed a two-headed ogre
  9539 | D:9      | Killed a two-headed ogre
  9539 | D:9      | Reached *** piety under Qazlal
  9767 | D:9      | Noticed Grum
  9794 | D:9      | Killed Grum
 10174 | D:10     | Entered Level 10 of the Dungeon
 10244 | D:10     | Reached XP level 11. HP: 79/102 MP: 11/11
 10838 | D:10     | Found a staircase to the Lair.
 11042 | D:10     | Reached **** piety under Qazlal
 11300 | D:10     | Reached skill level 10 in Armour
 12694 | D:10     | Found a staircase to the Orcish Mines.
 12839 | D:11     | You fall through a shaft!
 12840 | D:12     | Noticed Sonja
 12852 | D:12     | Slain by an ogre

Skill      XL: |  1  2  3  4  5  6  7  8  9 10 11 |
---------------+----------------------------------+-----
Axes           | 3 4 5 6 8 10 11 14 | 14.7
Fighting       | 4 5 6 7 8 10 11 12 | 12.5
Armour         | 8 10 | 10.1
Shields        | |  3.3

Action                   |  1- 3 |  4- 6 |  7- 9 | 10-12 || total
-------------------------+-------+-------+-------+-------++-------
Melee: War axe           |   150 |   178 |   400 |   386 ||  1114
       Battleaxe         |       |       |       |    96 ||    96
Throw: Tomahawk          |       |       |     4 |       ||     4
Invok: Elemental Force   |       |       |       |     1 ||     1
Evoke: Wand              |       |       |     1 |     2 ||     3
  Use: Scroll            |       |     8 |       |     3 ||    11
       Potion            |       |       |       |     1 ||     1
  Eat: Chunk             |     2 |     9 |     8 |     7 ||    26
       Ration            |       |       |     2 |     2 ||     4
Armor: Scale mail        |    10 |       |       |       ||    10
       Chain mail        |    72 |   103 |   148 |   102 ||   425
       Plate armour      |       |       |       |    62 ||    62
Dodge: Dodged            |    40 |    30 |    56 |    70 ||   196
       Deflected         |       |       |       |     2 ||     2
Block: Shield            |    71 |    91 |   141 |   170 ||   473
       Other             |       |       |       |    30 ||    30
